 Dungeon Crawl Stone Soup version 0.30-a0-305-g026cb31310 (webtiles) character file.

Game seed: 6080376346629754629

91 holysushi the Cudgeller (level 5, -1/46 HPs)
             Began as a Meteoran Fighter on Oct 23, 2022.
             Slain by a killer bee (6 damage)
             ... on level 4 of the Dungeon.
             The game lasted 00:07:52 (1014 turns).

holysushi the Cudgeller (Meteoran Fighter)          Turns: 1014, Time: 00:07:52

Health: -1/46      AC:  6    Str: 20    XL:     5   Next: 12%
Magic:  6/6        EV:  9    Int:  9    God:
Gold:   101        SH:  5    Dex: 13    Spells: 4/4 levels left

rFire   . . .      SeeInvis .    a - +0 flail
rCold   . . .      Faith    .    c - +0 buckler
rNeg    . . .      Spirit   .    b - +0 scale mail
rPois   .          Reflect  .    (no helmet)
rElec   .          Harm     .    (no cloak)
rCorr   .          Rampage  .    (no gloves)
Will    .....                    (no boots)
Stlth   ..........               (no amulet)
HPRegen 0.27/turn                (no ring)
MPRegen 0.10/turn                (no ring)

@: glowing
A: sense surroundings 1, otherworldly, glowing, explore regen
a: no special abilities


You were on level 4 of the Dungeon.
You visited 1 branch of the dungeon, and saw 5 of its levels.

You collected 101 gold pieces.

Inventory:

Hand Weapons
 a - a +0 flail (weapon)
Armour
 b - a +0 scale mail (worn)
 c - a +0 buckler (worn)
 g - a +0 chain mail
Wands
 i - a wand of polymorph (5)
Scrolls
 d - a scroll of vulnerability {unknown}
 l - a scroll of identify
 m - a scroll of torment {unknown}
Potions
 e - a potion of ambrosia {unknown}
 f - 2 potions of heal wounds
 k - a potion of degeneration {unknown}
 n - a potion of mutation {unknown}


   Skills:
 + Level 3.6 Fighting
 * Level 5.5 Maces & Flails
 - Level 3.6 Armour
 + Level 1.3 Dodging
 - Level 3.6 Shields


You had 4 spell levels left.
You didn't know any spells.
Your spell library contained the following spells:

 Spells                   Type           Power      Damage    Failure   Level
 Blink                    Tloc           0%         N/A       92%         2
 Momentum Strike          Conj/Tloc      0%         3d8       92%         2
 Lesser Beckoning         Tloc           0%         N/A       99%         3
 Stone Arrow              Conj/Erth      0%         3d7       99%         3
 Animate Armour           Summ/Erth      0%         N/A       100%        4
 Lehudib's Crystal Spear  Conj/Erth      0%         10d2      100%        8


Dungeon Overview and Level Annotations

Branches:
Dungeon (5/15) Zot: 1961   Temple (0/1) D:5

Altars:
Kikubaaqudgha


Innate Abilities, Weirdness & Mutations

You passively map a small area around you.
You are easily found by Zot.
You glow in the dark.
You regain HP and MP as you explore.


Message History

You hit the killer bee.
The killer bee is lightly wounded.
You block the killer bee's attack. The killer bee stings you.
The killer bee closely misses you.
You miss the killer bee.
The killer bee is lightly wounded.
The killer bee stings you but does no damage.
The killer bee stings you.
You sock the killer bee!
The killer bee is severely wounded.
The killer bee barely misses you. The killer bee stings you.
You miss the killer bee.
The killer bee is severely wounded.
The killer bee stings you. You block the killer bee's attack. x2
You hit the killer bee.
The killer bee is severely wounded.
The killer bee stings you! x2
* * * LOW HITPOINT WARNING * * *
You hit the killer bee but do no damage.
The killer bee is severely wounded.
You block the killer bee's attack.
The killer bee stings you but does no damage.
You closely miss the killer bee.
The killer bee is severely wounded.
The killer bee barely misses you. The killer bee stings you.
* * * LOW HITPOINT WARNING * * *
You closely miss the killer bee.
The killer bee is severely wounded.
You block the killer bee's attack.
The killer bee stings you but does no damage.
The killer bee stings you.
* * * LOW HITPOINT WARNING * * *
You barely miss the killer bee.
The killer bee is severely wounded.
The killer bee completely misses you. You block the killer bee's attack.
You barely miss the killer bee.
The killer bee is severely wounded.
The killer bee stings you but does no damage.
The killer bee stings you.
You die...

#............## .
##.........##..
...
####......###.....
##...#....†......
,
#....###.##......
,
#...##...........
,
#####............,
##.............
#..@...........
##..y..........,
##........... ,
##.#..##...., *
###....... .....,
, * .... ... ,, ,
,


You could see a killer bee.

Vanquished Creatures
  A hound (D:4)
  An adder (D:5)
  A worm (D:2)
  3 dart slugs
  4 ball pythons (D:2)
  2 bats
  5 endoplasms
  6 goblins
  2 hobgoblins
  7 jackals
  2 quokkas (D:1)
  2 frilled lizards
  5 rats
41 creatures vanquished.

Vanquished Creatures (others)
  A plant (D:5)
1 creature vanquished.

Grand Total: 42 creatures vanquished

Notes
Turn   | Place    | Note
-------+----------+-------------------------------------------
     0 | D:1      | holysushi the Meteoran Fighter began the quest for the Orb.
     0 | D:1      | Reached XP level 1. HP: 19/19 MP: 2/2
    38 | D:1      | Reached skill level 3 in Maces & Flails
    60 | D:1      | Reached XP level 2. HP: 26/26 MP: 3/3
   214 | D:1      | Reached skill level 4 in Maces & Flails
   218 | D:1      | Reached XP level 3. HP: 17/31 MP: 4/4
   422 | D:2      | Found an ancient bone altar of Kikubaaqudgha.
   899 | D:3      | You fall into a shaft and drop 2 floors!
   899 | D:5      | Entered Level 5 of the Dungeon
   904 | D:5      | Noticed a scorpion
   926 | D:4      | Reached skill level 5 in Maces & Flails
   926 | D:4      | Reached XP level 4. HP: 38/38 MP: 5/5
   936 | D:4      | Reached skill level 1 in Dodging
   983 | D:4      | Reached XP level 5. HP: 45/45 MP: 6/6
  1014 | D:4      | Slain by a killer bee

Illustrated notes

Levels and vault maps discovered:
D:1:      dpeg_arrival_short_road, layout_basic
D:2:      kennysheep_six_static_rooms, layout_loops_corners, basic_altar
D:3:      layout_loops_ring, palyth_stone_intersect, st_stairs_2, uniq_jessica
D:4:      layout_cave_pools, mainiacjoe_overflow_alcove_2,
          nicolae_overflow_crystal_walls
D:5:      layout_loops_ring, fedhas_altar_2, marbit_many_paths,
          minmay_temple_entry_stoned_glass, corexii_shack, serial_bayou_pond_d,
          hex_large, uniq_sigmund, uniq_duvessa

Skill      XL: |  1  2  3  4 |
---------------+-------------+-----
Maces & Flails | 3 4 5 |  5.5
Dodging        | 1 |  1.3
Fighting       | |  3.6
Armour         | |  3.6
Shields        | |  3.6

Action                   |  1- 3 |  4- 6 || total
-------------------------+-------+-------++-------
Melee: Flail             |    77 |    44 ||   121
  Use: Potion            |     5 |       ||     5
       Scroll            |     2 |       ||     2
Armor: Scale mail        |    35 |    18 ||    53
Dodge: Dodged            |    26 |    21 ||    47
Block: Buckler           |    10 |    14 ||    24

Table legend: (Time is in decaauts)
 A = Elapsed time spent in this place.
 B = Non-inter-level travel time spent in this place.
 C = Inter-level travel time spent in this place.
 D = Time resting spent in this place.
 E = Time spent auto-exploring this place.
 F = Levels seen in this place.
 G = Mean time per level.
                   A        B        C        D        E       F      G
               +--------+--------+--------+--------+--------+-----+--------+
         Total |   1037 |   1037 |      0 |      0 |      0 |   5 |  207.4 |
       Dungeon |   1037 |   1037 |      0 |      0 |      0 |   5 |  207.4 |
               +--------+--------+--------+--------+--------+-----+--------+

Top non-repeatable levels by time:
     D:2: 511 daAuts
     D:1: 385 daAuts
     D:4: 86 daAuts
     D:5: 34 daAuts
     D:3: 19 daAuts
